 Dungeon Crawl Stone Soup version 0.17-a0-131-ga9cda9c (webtiles) character file.

236 karlm the Shield-Bearer (level 6, 0/49 HPs)
             Began as a Formicid Fighter on Mar 24, 2015.
             Slain by karlm's ghost (1 damage)
             ... on level 4 of the Dungeon.
             The game lasted 00:10:05 (2949 turns).

karlm the Shield-Bearer (Formicid Fighter)          Turns: 2949, Time: 00:10:05

Health: 0/49       AC:  7    Str: 27    XL:     6   Next: 27%
Magic:  8/8        EV:  6    Int: 13    God:
Gold:   316        SH: 16    Dex: 10    Spells: 0 memorised, 5 levels left

rFire  . . .     SeeInvis +     a - +0 war axe
rCold  . . .     Clarity  .     b - +0 scale mail
rNeg   . . .     SustAb   .     B - +0 large shield
rPois  .         Gourm    .     (helmet unavailable)
rElec  .         Spirit   .     (no cloak)
rCorr  .         Warding  .     (no gloves)
rMut   .         Stasis   +     (no boots)
MR     .....                    (no amulet)
Stlth  +.........               (no ring)
                                o - ring of stealth

@: mighty, brilliant, lethally poisoned (0 -> -43), not resistant to hostile
enchantments, very unstealthy
A: permanent stasis, dig shafts and tunnels, four strong arms, antennae 3
a: Dig, Shaft Self


You were on level 4 of the Dungeon.
You were hungry.

You visited 1 branch of the dungeon, and saw 4 of its levels.

You collected 316 gold pieces.

Inventory:

Hand weapons
 a - a +0 war axe (weapon)
Missiles
 v - 8 poisoned needles
 w - 15 sling bullets
Armour
 b - a +0 scale mail (worn)
 B - a +0 large shield (worn)
Jewellery
 o - a ring of stealth (left hand)
Magical devices
 x - a wand of frost (22)
Scrolls
 f - a scroll of fog {unknown}
 g - 2 scrolls of magic mapping {unknown}
 j - 2 scrolls of random uselessness {unknown}
 l - 3 scrolls of identify {unknown}
 n - 2 scrolls of fear {unknown}
 p - a scroll of remove curse {unknown}
 s - a scroll of noise {unknown}
 t - 2 scrolls of recharging {unknown}
 y - 2 scrolls of enchant armour {unknown}
 A - a scroll of enchant weapon {unknown}
Potions
 e - 2 potions of might
 h - a potion of brilliance
 i - a potion of haste {unknown}
 k - a potion of flight {unknown}
 m - 2 potions of heal wounds {unknown}
 q - 2 potions of cancellation {unknown}
 r - a potion of agility {unknown}
 z - a potion of lignification {unknown}
 C - a potion of berserk rage {unknown}
Comestibles
 c - 3 chunks of flesh
 d - 3 bread rations
 u - 2 meat rations


   Skills:
 + Level 4.4 Fighting
 + Level 3.4 Axes
 + Level 4.5 Armour
 + Level 5.2 Shields


You had 5 spell levels left.
You didn't know any spells.

Dungeon Overview and Level Annotations

Branches:
Dungeon (4/15)
 Temple: D:4-7

Altars:
Gozag
Yredelemnul
The Shining One

Annotations:
D:4 karlm's ghost, average KoHu


Innate Abilities, Weirdness & Mutations

You are under a permanent stasis effect.
You can dig through walls and to a lower floor.
Your four strong arms can wield two-handed weapons with a shield.
You have a pair of large antennae on your head (SInv).


Message History

You block karlm's ghost's attack. x2
Drink which item? (? for menu, Esc to quit)
You feel very mighty all of a sudden.
* * * LOW HITPOINT WARNING * * *
You feel very sick. You block karlm's ghost's attack.
You miss karlm's ghost.
Karlm's ghost is heavily damaged.
* * * LOW HITPOINT WARNING * * *
You feel very sick. Karlm's ghost hits you.
* * * LOW HITPOINT WARNING * * *
You are more poisoned.
Drink which item? (? for menu, Esc to quit)
It was a potion of brilliance.
You feel clever all of a sudden.
* * * LOW HITPOINT WARNING * * *
You feel very sick. Karlm's ghost hits you.
You die...

#..# ###. #..# ##...
##..# ##.... . ###..##
##..... ...#######....#
##......
..............###.......
.............###........
...............#.........
.......W@......#>........
...........###.).........
..#.....### ##..........
.......## #..........
....... #.......>..
...... #........## .....
##......## .... ####...##
. #.....#


You could see karlm's ghost.

Vanquished Creatures
  A giant frog skeleton (D:4)
  An orc priest (D:3)
  An iguana (D:4)
  A gnoll (D:1)
  5 adders
  A worm (D:2)
  An adder skeleton (D:4)
  An ooze (D:2)
  6 orcs
  8 hobgoblins
  5 jackals
  3 quokkas
  2 ball pythons (D:2)
  12 bats
  5 giant cockroaches
  2 giant geckos
  2 giant newts
  11 goblins
  8 kobolds
  13 rats
89 creatures vanquished.

Vanquished Creatures (others)
  An orc (D:3)
1 creature vanquished.

Grand Total: 90 creatures vanquished

Notes
Turn   | Place    | Note
--------------------------------------------------------------
     0 | D:1      | karlm, the Formicid Fighter, began the quest for the Orb.
     0 | D:1      | Reached XP level 1. HP: 18/18 MP: 1/1
   262 | D:1      | Reached XP level 2. HP: 16/24 MP: 3/3
   507 | D:1      | Reached skill level 4 in Shields
   507 | D:1      | Reached XP level 3. HP: 20/30 MP: 4/4
  1257 | D:2      | Reached XP level 4. HP: 32/37 MP: 5/5
  1849 | D:3      | Found a glowing golden altar of the Shining One.
  1874 | D:3      | Reached XP level 5. HP: 26/42 MP: 7/7
  2367 | D:3      | Noticed an angel
  2371 | D:3      | Found a basalt altar of Yredelemnul.
  2372 | D:3      | Noticed a profane servitor
  2569 | D:4      | Reached XP level 6. HP: 45/49 MP: 8/8
  2606 | D:4      | Found an opulent altar of Gozag.
  2645 | D:4      | Reached skill level 5 in Shields
  2932 | D:4      | Noticed karlm's ghost (average KoHu)
  2949 | D:4      | HP: 1/49 [poisoned by karlm's ghost]
  2949 | D:4      | Slain by karlm's ghost

Action                   |  1- 3 |  4- 6 || total
-------------------------+-------+-------++-------
Melee: War axe           |    97 |   189 ||   286
 Abil: Dig               |     3 |     4 ||     7
  Use: Potion            |       |     2 ||     2
  Eat: Chunk             |     3 |     6 ||     9
